 Dungeon Crawl Stone Soup version 0.14-a0-1007-gacdcbbe (console) character file.

210 deathofrats the Chucker (level 4, -1/42 HPs)
             Began as a Troll Hunter on Nov 22, 2013.
             Shot with a sling bullet by a hobgoblin (6 damage)
             ... on Level 4 of the Dungeon.
             The game lasted 00:04:18 (1826 turns).

deathofrats the Chucker (Troll Hunter)              Turns: 1826, Time: 00:04:18

HP  -1/42        AC  5     Str 21      XL: 4   Next: 41%
MP   1/1         EV  7     Int  7      God:
Gold 114         SH 19     Dex 10      Spells:  0 memorised,  3 levels left

Res.Fire  : . . .   See Invis. : .     - Unarmed
Res.Cold  : . . .   Warding    : .   d - +0 animal skin
Life Prot.: . . .   Conserve   : .   h - +2 dwarf shield
Res.Poison: .       Res.Corr.  : .   (helmet restricted)
Res.Elec. : .       Clarity    : .   (no cloak)
Sust.Abil.: . .     Spirit.Shd : .   (gloves unavailable)
Res.Mut.  : .       Stasis     : .   (boots unavailable)
Res.Rott. : .       Flight     : +   (no amulet)
Gourmand  : +                        (no ring)
                                     j - ring of flight

@: flying, mildly poisoned, slightly resistant to hostile enchantments,
unstealthy
A: unfitting armour, claws 3, fast metabolism 3, gourmand, regeneration 2,
saprovore 2, shaggy fur 1, tough skin 2
a: no special abilities


You were on level 4 of the Dungeon.
You were not hungry.

You visited 1 branch of the dungeon, and saw 4 of its levels.

You collected 114 gold pieces.

Inventory:

Missiles
 b - 5 large rocks (quivered)
 c - 2 throwing nets
Armour
 d - a +0 animal skin (worn)
 h - a +2 dwarven shield (worn)
 i - a +0 elven robe
Magical devices
 t - a wand of flame (10)
Comestibles
 a - 3 meat rations
 f - an apple
 k - a choko
 D - a pear
 G - an orange
Scrolls
 e - 4 scrolls of identify {unknown}
 g - a scroll of enchant weapon II {unknown}
 l - a scroll of fog {unknown}
 n - a scroll of remove curse {unknown}
 o - 2 scrolls of teleportation {unknown}
 p - a scroll of amnesia {unknown}
 q - a scroll of magic mapping {unknown}
 s - 2 scrolls of curse armour {unknown}
 u - 2 scrolls of curse jewellery {unknown}
 y - a scroll of enchant armour {unknown}
Jewellery
 j - a ring of flight (left claw)
Potions
 m - a potion of curing {unknown}
 v - a potion of poison {unknown}
 w - a potion of confusion {unknown}
 z - a potion of restore abilities {unknown}
 A - a potion of resistance {unknown}
 C - a potion of heal wounds {unknown}
Miscellaneous
 r - a plain deck of defence


   Skills:
 - Level 1.7 Fighting
 - Level 3.6 Throwing
 - Level 1.7 Dodging
 - Level 0.4 Stealth
 * Level 2.0 Shields
 * Level 2.9 Unarmed Combat


You had 3 spell levels left.
You didn't know any spells.

Dungeon Overview and Level Annotations

Branches:
Dungeon (4/16)
 Temple: D:4-7

Altars:
Elyvilon
Nemelex Xobeh


Innate Abilities, Weirdness & Mutations

You are too large for most types of armour.
You have claws for hands.
Your metabolism is lightning-fast.
You like to eat raw meat.
You heal very quickly.
You can eat rotten meat.
You are covered in fur (AC +1).
You have very tough skin (AC +2).


Message History

You block the worker ant's attack.
Drink which item? (? for menu, Esc to quit)
Okay, then.
The hobgoblin shoots a sling bullet.
The sling bullet misses you.
You hear a splash.
The worker ant bites you.
* * * LOW HITPOINT WARNING * * *
The goblin shoots a stone.
You block the stone.
You hear a splash.
You see here a stone.
* * * LOW HITPOINT WARNING * * *
You feel sick.
You feel a little better.
The goblin shoots a stone.
The stone misses you.
You hear a splash.
The goblin shoots a stone.
The stone hits you!
* * * LOW HITPOINT WARNING * * *
You hear a splash.
The hobgoblin shoots a sling bullet.
The sling bullet hits you!
You die...

_≈≈ .≈≈≈≈≈.b ...≈≈≈..
....... ♣♣.....♣♣
♣♣♣♣...♣♣♣♣ ♣♣♣♣.....♣♣♣♣
♣♣♣.......♣♣♣##..
##♣...≈≈@...♣##......
.....≈≈≈≈≈............
......≈a♣(≈.............
......≈≈≈≈≈..............
.......≈≈≈.......#.#.....
...........(..............
..........(...%............
.......g((g#...............
........((g......#<...#.#..#


You could see a worker ant, a hobgoblin and 2 goblins.

Vanquished Creatures
  A worker ant (D:4)
  Terence (D:2)
  An adder (D:3)
  A worm (D:3)
  An ooze (D:1)
  3 ball pythons
  2 giant cockroaches
  7 goblins
  A hobgoblin (D:2)
  3 jackals (D:2)
  4 kobolds
  7 bats
  A giant gecko (D:1)
  4 giant newts
  8 rats
45 creatures vanquished.

Notes
Turn   | Place    | Note
--------------------------------------------------------------
     0 | D:1      | deathofrats, the Troll Hunter, began the quest for the Orb.
     0 | D:1      | Reached XP level 1. HP: 20/20 MP: 0/0
   204 | D:1      | Reached XP level 2. HP: 28/28 MP: 0/0
   381 | D:1      | Reached skill level 1 in Shields
   524 | D:2      | Found a sparkling altar of Nemelex Xobeh.
   673 | D:2      | Reached XP level 3. HP: 30/35 MP: 1/1
   732 | D:2      | Noticed Terence
   741 | D:2      | Killed Terence
  1691 | D:3      | Reached XP level 4. HP: 13/42 MP: 1/1
  1826 | D:4      | Found a white marble altar of Elyvilon.
  1826 | D:4      | Shot with a sling bullet by a hobgoblin

Action                   |  1- 3 |  4- 6 || total
-------------------------+-------+-------++-------
Melee: Unarmed           |   127 |    21 ||   148
Evoke: Wand              |     1 |       ||     1
  Use: Potion            |       |     1 ||     1
